 Dungeon Crawl Stone Soup version 0.30-a0-1-g69b7b797bf (webtiles) character file.

Game seed: 4385329948622080311

57 Plasmagod the Conjurer (level 4, -4/30 HPs)
             Began as a Human Conjurer on Aug 19, 2022.
             Slain by an orc
             ... wielding a +0 flail
              (6 damage)
             ... on level 2 of the Dungeon.
             The game lasted 00:03:41 (1986 turns).

Plasmagod the Conjurer (Human Conjurer)             Turns: 1986, Time: 00:03:42

Health: -4/30      AC:  2    Str:  7    XL:     4   Next: 18%
Magic:  1/8        EV: 12    Int: 21    God:
Gold:   62         SH:  0    Dex: 11    Spells: 6/9 levels left

rFire   . . .      SeeInvis .    d - +0 dagger
rCold   . . .      Faith    .    (no shield)
rNeg    . . .      Spirit   .    a - +0 robe
rPois   .          Reflect  .    (no helmet)
rElec   .          Harm     .    (no cloak)
rCorr   .          Rampage  .    (no gloves)
Will    .....                    (no boots)
Stlth   ++........               (no amulet)
HPRegen 0.10/turn                (no ring)
MPRegen 0.11/turn                (no ring)

@: no status effects
A: no striking features
a: no special abilities


You were on level 2 of the Dungeon.
You visited 1 branch of the dungeon, and saw 3 of its levels.

You collected 62 gold pieces.

Inventory:

Hand Weapons
 d - a +0 dagger (weapon)
Armour
 a - a +0 robe (worn)
Jewellery
 l - a ring of poison resistance
Scrolls
 c - a scroll of butterflies {unknown}
 e - 2 scrolls of identify {unknown}
 h - a scroll of brand weapon {unknown}
 m - a scroll of blinking {unknown}
 n - a scroll of torment {unknown}
Potions
 b - a potion of magic
 f - 2 potions of degeneration {unknown}
 g - a potion of attraction {unknown}
 i - a potion of brilliance {unknown}
 j - a potion of lignification {unknown}
 k - 2 potions of curing {unknown}


   Skills:
 - Level 2.0 Dodging
 - Level 2.0 Stealth
 + Level 3.0 Spellcasting
 + Level 4.8 Conjurations


You had 6 spell levels left.
You knew the following spells:

 Your Spells              Type           Power      Damage    Failure   Level
a - Magic Dart            Conj           92%        1d7       1%          1
b - Searing Ray           Conj           46%        2d6       2%          2

Your spell library contained the following spells:

 Spells                   Type           Power      Damage    Failure   Level
 Dazzling Flash           Conj/Hex       26%        N/A       16%         3
 Blink                    Tloc           6%         N/A       21%         2
 Ensorcelled Hibernation  Hex/Ice        6%         N/A       21%         2
 Passwall                 Tmut/Erth      2%         N/A       21%         2
 Swiftness                Air            3%         N/A       36%         3
 Fulminant Prism          Conj/Hex       6%         3d7       45%         4
 Iskenderun's Mystic Bla  Conj/Tloc      13%        2d5       45%         4
 Manifold Assault         Tloc           3%         N/A       98%         5
 Storm Form               Tmut/Air       1%         N/A       100%        7


Dungeon Overview and Level Annotations

Branches:
Dungeon (3/15)

Altars:


Message History

An orc priest comes into view. It is wielding a +0 hand axe.
You miscast Magic Dart.
You are very lightly contaminated with residual magic.
Nothing appears to happen.
The orc priest shouts!
Casting: Magic Dart (safe; 1% risk of failure)
Confirm with . or Enter, or press ? or * to list all spells.
You can't see any susceptible monsters within range! (Use Z to cast anyway.)
The magic dart hits the orc priest.
The orc priest is lightly wounded.
The magic dart hits the orc priest but does no damage.
The orc priest is lightly wounded.
An orc comes into view. It is wielding a +0 flail.
The orc priest looks encouraged for a moment.
You hit the orc priest but do no damage.
The orc priest is lightly wounded.
The orc priest barely misses you.
You hit the orc priest.
The orc priest is moderately wounded.
The orc priest hits you with a +0 hand axe.
You hit the orc priest.
The orc priest is moderately wounded.
The orc priest hits you but does no damage.
Your magical contamination has completely faded away.
The orc priest attacks as you move away!
The orc priest barely misses you. The orc attacks as you move away!
The orc hits you with a +0 flail!
There is a stone staircase leading up here.
You barely miss the orc.
The orc priest invokes the aid of Beogh against you.
Beogh smites you!
* * * LOW HITPOINT WARNING * * *
The orc hits you with a +0 flail.
* * * LOW HITPOINT WARNING * * *
You climb upwards.
There is a stone staircase leading down here.
You hit the orc.
The orc is heavily wounded.
The orc hits you with a +0 flail.
You die...

.# #.# #.###.# .# #.#
#################...#.# .# #.#
#.....................# ##
#.###.#.#.#############...#
#...........# #...#
#.###.#.#.#.# #...# #
#.###.....#.### #...# #
#.......#....o# #...# #
#.#######....@#########...# #
####.........(...............#
#
..<..#######....(#########..##
# ####.# #.....# #..#####
.....# ###.###########.......
###### #.............######
###############


You could see an orc.

Vanquished Creatures
  An adder (D:2)
  A worm (D:2)
  2 dart slugs
  3 orcs (D:3)
  5 ball pythons
  3 giant cockroaches
  3 goblins
  2 hobgoblins (D:1)
  2 jackals (D:1)
  6 kobolds
  A quokka (D:1)
  3 bats
  A frilled lizard (D:2)
  2 rats
35 creatures vanquished.

Notes
Turn   | Place    | Note
-------+----------+-------------------------------------------
     0 | D:1      | Plasmagod the Human Conjurer began the quest for the Orb.
     0 | D:1      | Reached XP level 1. HP: 13/13 MP: 3/3
   160 | D:1      | Reached XP level 2. HP: 12/19 MP: 0/5
   530 | D:1      | Found a faded altar of an unknown god.
   648 | D:1      | Reached XP level 3. HP: 18/24 MP: 0/6
  1517 | D:2      | Learned a level 2 spell: Searing Ray
  1631 | D:2      | Reached XP level 4. HP: 30/30 MP: 4/8
  1986 | D:2      | Slain by an orc

Illustrated notes

Levels and vault maps discovered:
D:1:      wander_arrival_chamber, layout_rooms,
          chequers_ecumenical_altar_simple, minivault_14
D:2:      layout_loops_ring
D:3:      layout_loops_cross, uniq_crazy_yiuf_cottage

Skill      XL: |  1  2  3  4 |
---------------+-------------+-----
Spellcasting   | 3 |  3.0
Dodging        | |  2.0
Stealth        | |  2.0
Conjurations   | |  4.8

Action                   |  1- 3 |  4- 6 || total
-------------------------+-------+-------++-------
Melee: Dagger            |    26 |     5 ||    31
       Unarmed           |     3 |       ||     3
 Cast: Magic Dart        |    51 |    10 ||    61
       Searing Ray       |     1 |       ||     1
Armor: Robe              |     3 |     1 ||     4
Dodge: Dodged            |    21 |     2 ||    23

Table legend: (Time is in decaauts)
 A = Elapsed time spent in this place.
 B = Non-inter-level travel time spent in this place.
 C = Inter-level travel time spent in this place.
 D = Time resting spent in this place.
 E = Time spent auto-exploring this place.
 F = Levels seen in this place.
 G = Mean time per level.
                   A        B        C        D        E       F      G
               +--------+--------+--------+--------+--------+-----+--------+
         Total |   1985 |   1932 |     53 |      0 |   1716 |   3 |  661.7 |
       Dungeon |   1985 |   1932 |     53 |      0 |   1716 |   3 |  661.7 |
               +--------+--------+--------+--------+--------+-----+--------+

Top non-repeatable levels by time:
     D:2: 1022 daAuts
     D:1: 920 daAuts
     D:3: 42 daAuts
